 Dungeon Crawl Stone Soup version 0.26.1-11-gd32895ea62 (webtiles) character file.

Game seed: 17831169512944483504

12694 H0rd4k the Martial Artist (level 11, -13/68 HPs)
             Began as an Octopode Transmuter on July 14, 2021.
             Was an Initiate of Gozag.
             Mangled by a komodo dragon (26 damage)
             ... on level 1 of the Lair of Beasts.
             The game lasted 00:21:03 (18546 turns).

H0rd4k the Martial Artist (Octopode Transmuter)    Turns: 18546, Time: 00:21:03

Health: -13/68     AC:  2    Str: 10    XL:     11   Next: 97%
Magic:  22/22      EV: 27    Int: 18    God:    Gozag
Gold:   963        SH:  0    Dex: 24    Spells: 11/24 levels left

rFire    . . .     SeeInvis .     - Unarmed
rCold    . . .     Faith    .   (shield currently unavailable)
rNeg     . . .     Spirit   .   (helmet currently unavailable)
rPois    x         Reflect  .   (no amulet)
rElec    .         Harm     .   A - +6 ring of dexterity
rCorr    .         Rampage  .   (no ring)
Will     .....                  (no ring)
Stlth    ++........             (no ring)
HPRegen  0.21/turn              (no ring)
MPRegen  0.18/turn              (no ring)
                                (no ring)
                                (no ring)

@: about to teleport, spider-form (expiring)
A: tiny, almost no armour, stealthy swim, (amphibious), 8 rings, (constrict 8)
a: End Transformation, Renounce Religion, Potion Petition, Call Merchant, Bribe
Branch


You were on level 1 of the Lair of Beasts.
You worshipped Gozag.
Gozag was pleased with you.
You were a venomous arachnid creature.
You visited 3 branches of the dungeon, and saw 12 of its levels.

You collected 2385 gold pieces.
You paid 1422 gold pieces to Gozag.

Inventory:

Hand Weapons
 s - the +2 hand axe of the Snake Pit {pain, SInv}
   (You found it on level 5 of the Dungeon)

   In the hands of one skilled in necromantic magic, it inflicts extra damage on
   living creatures.
   It lets you see invisible.
Jewellery
 A - a +6 ring of dexterity (left front leg)
Wands
 v - a wand of paralysis (5)
Scrolls
 a - 8 scrolls of teleportation
 b - 5 scrolls of fear {unknown}
 d - 5 scrolls of enchant armour {unknown}
 e - 2 scrolls of immolation {unknown}
 f - a scroll of vulnerability {unknown}
 h - 4 scrolls of magic mapping {unknown}
 k - 4 scrolls of enchant weapon
 m - a scroll of random uselessness {unknown}
 n - 2 scrolls of remove curse
 p - a scroll of blinking {unknown}
 t - 2 scrolls of identify
 u - a scroll of amnesia {unknown}
Potions
 c - 2 potions of curing
 g - a potion of resistance {unknown}
 i - 3 potions of might
 j - 3 potions of lignification {unknown}
 l - 2 potions of flight
 o - 2 potions of degeneration {unknown}
 q - a potion of attraction
 r - 2 potions of haste
 w - 2 potions of brilliance {unknown}
 x - a potion of mutation
 z - a potion of berserk rage {unknown}
Miscellaneous
 y - a box of beasts (inert)


   Skills:
 + Level 3.8 Fighting
 + Level 6.2 Dodging
 - Level 0.6 Stealth
 + Level 12.5 Unarmed Combat
 * Level 7.4 Spellcasting
 * Level 8.4 Transmutations
 + Level 1.7 Ice Magic
 - Level 4.8 Poison Magic
 + Level 1.4 Evocations


You had 11 spell levels left.
You knew the following spells:

 Your Spells              Type           Power        Failure   Level
a - Beastly Appendage     Tmut           74%          2%          1
b - Spider Form           Tmut/Pois      15%          8%          3
c - Blade Hands           Tmut           18%          22%         5
d - Ice Form              Ice/Tmut       25%          30%         4

Your spell library contained the following spells:

 Spells                   Type           Power        Failure   Level
 Wereblood                Tmut           37%          3%          2
 Animate Skeleton         Necr           12%          26%         1
 Apportation              Tloc           12%          26%         1
 Corona                   Hex            6%           26%         1
 Summon Small Mammal      Summ           24%          26%         1


Dungeon Overview and Level Annotations

Branches:
Dungeon (10/15)            Temple (1/1) D:5            Lair (1/6) D:10
    Orc: D:9-12

Altars:
Fedhas
Gozag
Makhleb
Nemelex Xobeh
Ru
Sif Muna
Uskayaw
Vehumet
Wu Jian
Yredelemnul
The Shining One
Beogh

Shops:
D:5 ?   D:7 [   D:10 :=

Annotations:
D:4 exclusion: downstairs
D:8 exclusion: downstairs
D:9 exclusions: 2 downstairs and upstairs
D:10 exclusion: orc knight, Snorg


Innate Abilities, Weirdness & Mutations

You cannot wear most types of armour.
You are very stealthy in the water. (Stealth+)
((You are amphibious.))
You can wear up to eight rings at the same time.
((You can use your tentacles to constrict eight enemies at once.))
((Your skin changes colour to match your surroundings (Stealth+).))
((Your rubbery body absorbs attacks. (AC +1, EV +1)))


Message History

You have turned to stone.
The komodo dragon hisses angrily.
The basilisk gazes at you.
Your transformation is almost over.
The basilisk bites you! The basilisk bites you. The basilisk bites you!
The basilisk bites you! The komodo dragon bites you!
The basilisk barely misses you. The komodo dragon bites you!
The basilisk bites you.
* * * LOW HITPOINT WARNING * * *
The komodo dragon bites you!
* * * LOW HITPOINT WARNING * * *
You turn to flesh and can move again.
As you read the scroll of teleportation, it crumbles to dust.
You feel strangely unstable. The basilisk gazes at you.
You resist with some effort. The komodo dragon bites you!!
You die...
Your body crumbles into a pile of gold.

#..#..................<.
....#......###............
............##........##..
.......................##..
.......#...................
.....##.[...............#
###..##..........### #.# #.
#...........# ###
#..sl....!..# #P.l........#
#............ ##..........#
#.......... .(..#.....
.......... #..........


You could see a komodo dragon and a basilisk.

Vanquished Creatures
  3 death yaks (D:10)
  A two-headed ogre (D:8)
  Pikel (D:9)
  A black mamba (Lair:1)
  A cane toad (Lair:1)
  Maggie (D:7)
  A komodo dragon (Lair:1)
  A troll (D:9)
  A hornet (D:10)
  2 wraiths
  9 yaks (D:10)
  2 wyverns
  Edmund (D:4)
  2 water moccasins (Lair:1)
  A black bear (D:9)
  A hornet zombie (D:10)
  2 sky beasts
  8 orc warriors
  A necrophage (D:7)
  5 ice beasts
  3 phantoms
  A wolf (Lair:1)
  2 centaurs (D:8)
  7 ogres
  A lemure (D:9)
  2 big kobolds
  7 bullfrogs
  16 killer bees
  6 wights
  3 howler monkeys
  A centaur zombie (D:4)
  A bullfrog zombie (D:6)
  A jelly (D:7)
  4 hounds
  5 orc priests
  3 bullfrog skeletons
  3 hell rats
  2 iguanas (D:7)
  11 orc wizards
  9 worker ants
  A hound zombie (D:5)
  2 hound skeletons
  2 worker ant zombies
  4 gnolls (D:7)
  7 river rats
  12 adders
  3 shadow imps
  2 white imps
  3 ufetubi
  2 oozes
  An adder skeleton (D:7)
  3 worms
  10 leopard geckos
  67 orcs
  4 giant cockroaches
  8 hobgoblins
  7 jackals
  15 kobolds
  6 quokkas
  A ball python (D:2)
  7 bats
  8 frilled lizards
  6 goblins
  2 goblin skeletons (D:7)
  A goblin zombie (D:7)
  3 hobgoblin zombies (D:7)
  3 kobold skeletons (D:7)
  A kobold zombie (D:7)
  An orc skeleton (D:7)
  24 rats
349 creatures vanquished.

Vanquished Creatures (others)
  3 plants
3 creatures vanquished.

Grand Total: 352 creatures vanquished

Notes
Turn   | Place    | Note
-------+----------+-------------------------------------------
     0 | D:1      | H0rd4k the Octopode Transmuter began the quest for the Orb.
     0 | D:1      | Reached XP level 1. HP: 13/13 MP: 3/3
   208 | D:1      | Reached XP level 2. HP: 8/18 MP: 5/5
   878 | D:1      | Reached XP level 3. HP: 23/23 MP: 6/6
   882 | D:1      | Learned a level 3 spell: Spider Form
  1500 | D:2      | Reached XP level 4. HP: 28/28 MP: 7/7
  1533 | D:2      | Reached skill level 4 in Unarmed Combat
  1936 | D:2      | Found a shimmering blue altar of Sif Muna.
  2009 | D:2      | Reached skill level 1 in Poison Magic
  2043 | D:2      | Noticed an ogre
  2057 | D:2      | Killed an ogre
  2058 | D:2      | Reached XP level 5. HP: 8/33 MP: 5/9
  2428 | D:2      | Reached XP level 6. HP: 33/38 MP: 10/10
  2731 | D:3      | Reached skill level 5 in Unarmed Combat
  2936 | D:3      | Found a basalt altar of Yredelemnul.
  2965 | D:3      | Found a burning altar of Makhleb.
  3557 | D:3      | Found a faded altar of an unknown god.
  4116 | D:4      | Reached XP level 7. HP: 44/44 MP: 11/11
  4459 | D:4      | Noticed Edmund
  4474 | D:4      | Killed Edmund
  4475 | D:4      | Reached skill level 6 in Unarmed Combat
  5052 | D:5      | Entered Level 5 of the Dungeon
  5188 | D:5      | Found a sparkling altar of Nemelex Xobeh.
  5299 | D:5      | Reached XP level 8. HP: 50/50 MP: 9/13
  5590 | D:5      | Got a warped hand axe
  5854 | D:5      | Found Causeogg's Magic Scroll Emporium.
  5877 | D:5      | Reached skill level 7 in Unarmed Combat
  6148 | D:5      | Found a staircase to the Ecumenical Temple.
  6688 | D:6      | Reached XP level 9. HP: 46/54 MP: 15/15
  6826 | D:6      | Found a sacrificial altar of Ru.
  6873 | D:6      | Reached skill level 8 in Unarmed Combat
  7447 | Temple   | Entered the Ecumenical Temple
  7453 | Temple   | Became a worshipper of Gozag Ym Sagoz the Greedy
  7486 | D:5      | Reached skill level 5 in Transmutations
  8461 | D:7      | Found a glowing golden altar of the Shining One.
  8673 | D:7      | Found Beafywoiri's Antique Armour Shoppe.
  8787 | D:7      | Noticed Maggie
  8788 | D:7      | Reached skill level 5 in Spellcasting
  8809 | D:7      | Killed Maggie
  8810 | D:7      | Reached skill level 9 in Unarmed Combat
  9339 | D:7      | Found an ornate altar of the Wu Jian Council.
  9340 | D:7      | Found a radiant altar of Vehumet.
 10057 | D:8      | Reached XP level 10. HP: 53/61 MP: 14/18
 10193 | D:8      | Found a radiant altar of Vehumet.
 10333 | D:8      | Noticed a two-headed ogre
 10387 | D:8      | Killed a two-headed ogre
 10388 | D:8      | Reached skill level 10 in Unarmed Combat
 10852 | D:8      | Found the +2 ratskin cloak {*Rats rPois rN+ Str-1 Int-1
                  | Dex+1}
 10872 | D:8      | Reached skill level 5 in Dodging
 11079 | D:8      | Identified the +2 hand axe of the Snake Pit {pain, SInv}
                  | (You found it on level 5 of the Dungeon)
 11207 | D:9      | Noticed Pikel
 11256 | D:9      | Killed Pikel
 12851 | D:9      | Reached skill level 11 in Unarmed Combat
 13008 | D:10     | Entered Level 10 of the Dungeon
 13022 | D:10     | Paralysed by a hornet for 1 turns
 13951 | D:10     | Noticed Snorg
 14072 | D:10     | Reached XP level 11. HP: 60/67 MP: 16/20
 14553 | D:10     | HP: 2/67 [killer bee (8)]
 15242 | D:10     | Noticed a death yak
 16234 | D:10     | Noticed an orc knight
 16374 | D:10     | Found a roughly hewn altar of Beogh.
 16411 | D:10     | Reached skill level 12 in Unarmed Combat
 16931 | D:10     | Noticed a death yak
 16931 | D:10     | Noticed a death yak
 16932 | D:10     | Found a staircase to the Lair.
 17321 | D:10     | Learned a level 5 spell: Blade Hands
 17326 | D:10     | Learned a level 4 spell: Ice Form
 17432 | D:10     | Killed a death yak
 17705 | D:10     | Killed a death yak
 17706 | D:10     | Reached skill level 1 in Ice Magic
 17738 | D:10     | Killed a death yak
 17739 | D:10     | Reached skill level 1 in Evocations
 18041 | Lair:1   | Entered Level 1 of the Lair of Beasts
 18546 | Lair:1   | Mangled by a komodo dragon

Illustrated notes

Levels and vault maps discovered:
D:1:      wander_arrival_peaceful_grave, layout_basic, grunt_decor_junction
D:2:      layout_loops_corners, lemuel_crystal_altar
D:3:      layout_loops_ring, general_overflow_altar,
          chequers_ecumenical_altar_lobes, amethyst_killhole,
          yredelemnul_altar_generic
D:4:      layout_loops_ring, uniq_edmund
D:5:      layout_basic, nemelex_xobeh_ov_fountains_minmay, temple_doors_ab,
          serial_shops, nicolae_shop_temple_entry_statues_fountains
D:6:      layout_cave_pools, kennysheep_mini
D:7:      layout_loops_cross, gammafunk_temple_overflow_pools, serial_shops,
          nicolae_shop_stone, nicolae_tso_besieged_by_evil, uniq_maggie
D:8:      wander_guarded_unrand_ratskin, layout_loops_cross, basic_altar
D:9:      layout_basic, uniq_pikel
D:10:     cheibrodos_orc_bank, layout_basic, dpeg_lair_monsters, special_room
          [special_room_orc], onia_ninara_cookie, uniq_snorg
Temple:   eino_temple_rhombus
Lair:1:   beast_lair_carwin_large_4, layout_hall_layers, gammafunk_ghost_grave

Skill      XL: |  1  2  3  4  5  6  7  8  9 10 11 |
---------------+----------------------------------+-----
Unarmed Combat | 4 5 6 7 9 11 12 | 12.5
Poison Magic   | 1 2 3 4 |  4.8
Spellcasting   | 3 4 5 6 7 |  7.4
Transmutations | 3 4 5 7 8 |  8.4
Dodging        | 3 4 5 6 |  6.2
Fighting       | 2 3 |  3.8
Ice Magic      | 1 |  1.7
Evocations     | 1 |  1.4
Stealth        | |  0.6

Action                   |  1- 3 |  4- 6 |  7- 9 | 10-12 || total
-------------------------+-------+-------+-------+-------++-------
Melee: Unarmed           |    78 |   128 |   388 |   595 ||  1189
       Constrict         |    23 |    33 |    33 |    28 ||   117
       Tentacles         |    14 |    19 |    27 |    18 ||    78
       Punch             |     2 |     6 |     1 |     2 ||    11
 Cast: Spider Form       |     1 |     4 |    24 |    43 ||    72
       Ice Form          |       |       |       |     3 ||     3
Invok: Call Merchant     |       |       |       |     2 ||     2
Evoke: Wand              |       |       |       |    11 ||    11
       Box of beasts     |       |       |       |     1 ||     1
  Use: Scroll            |       |       |       |    11 ||    11
       Potion            |       |       |       |     4 ||     4
 Stab: Sleeping          |     4 |     8 |     4 |     4 ||    20
       Distracted        |       |       |       |     4 ||     4
Armor: Skin              |     6 |     9 |     6 |    13 ||    34
Dodge: Dodged            |    56 |    79 |   242 |   459 ||   836
